 Dungeon Crawl Stone Soup version 0.27.0-1-g7a089689b8 (webtiles) character file.

Game seed: 7099656403926097639

849 mhtbhm the Chopper (level 7, -4/93 HPs)
             Began as a Minotaur Berserker on Aug 3, 2021.
             Was a Believer of Trog.
             Splashed by an acid dragon's acid (14 damage)
             ... on level 5 of the Dungeon.
             The game lasted 00:05:29 (5624 turns).

mhtbhm the Chopper (Minotaur Berserker)             Turns: 5624, Time: 00:05:30

Health: -4/93      AC:  6    Str: 24    XL:     7   Next: 69%
Magic:  15/15      EV: 11    Int:  4    God:    Trog [**....]
Gold:   273        SH:  0    Dex:  9    Spells: 6/6 levels left

rFire    . . .     SeeInvis .   a - +0 hand axe
rCold    . . .     Faith    .   (no shield)
rNeg     . . .     Spirit   .   b - +0 scale mail
rPois    .         Reflect  .   (helmet restricted)
rElec    .         Harm     .   (no cloak)
rCorr    .         Rampage  .   f - +1 pair of gloves
Will     .....                  (no boots)
Stlth    ..........             r - amulet of the acrobat
HPRegen  0.25/turn              l - ring of magical power
MPRegen  0.14/turn              (no ring)

@: berserking, corroded, studying Armour, very quick
A: horns 2, retaliatory headbutt
a: Renounce Religion, Berserk, Trog's Hand


You were on level 5 of the Dungeon.
You worshipped Trog.
Trog was pleased with you.
You visited 1 branch of the dungeon, and saw 5 of its levels.

You collected 273 gold pieces.

Inventory:

Hand Weapons
 a - a +0 hand axe (weapon)
Armour
 b - a +0 scale mail (worn)
 f - a +1 pair of gloves (worn)
Jewellery
 l - a ring of magical power (left hand)
 o - a ring of protection from fire
 r - an amulet of the acrobat (around neck)
 s - an amulet of faith
Scrolls
 d - a scroll of magic mapping
 e - 2 scrolls of teleportation
 m - a scroll of torment
 n - 2 scrolls of enchant armour
Potions
 c - 3 potions of curing {unknown}
 g - 2 potions of attraction {unknown}
 h - a potion of lignification {unknown}
 i - a potion of resistance {unknown}
 j - 3 potions of degeneration {unknown}
 p - a potion of mutation {unknown}
 q - a potion of brilliance {unknown}


   Skills:
 + Level 5.7 Fighting
 + Level 7.5 Axes
 + Level 7.0 Armour
 + Level 4.0 Dodging
 + Level 1.1 Stealth


You had 6 spell levels left.
You didn't know any spells.
Your spell library was empty.

Dungeon Overview and Level Annotations

Branches:
Dungeon (5/15)
 Temple: D:4-7

Altars:
Elyvilon
Xom

Shops:
D:3 :   D:4 :


Innate Abilities, Weirdness & Mutations

You have a pair of horns on your head.
You reflexively headbutt those who attack you in melee.


Message History

You feel sick.
You feel sick.
You feel sick.
You feel sick.
You are no longer poisoned.
You now have 259 gold pieces (gained 14).
You now have 273 gold pieces (gained 14).
You open the large door.
Found 14 stones.
There is a large open door here.
You see here 14 stones.
An acid dragon and a zombie come into view.
The acid dragon roars!
The acid dragon spits acid at you. The splash of acid hits you!
The acid corrodes you!
You are splashed with acid!
There are monsters nearby!
There are monsters nearby!
There are monsters nearby!
Found 29 gold pieces.
You closely miss the acid dragon. Your headbutt misses the acid dragon.
You slash the acid dragon! Your headbutt misses the acid dragon.
The acid dragon is moderately wounded.
You hit the acid dragon.
The acid dragon is heavily wounded.
You hit the scorpion zombie. The acid dragon closely misses you. x2
The scorpion zombie hits you.
You slash the acid dragon!
The acid dragon is severely wounded.
You hit the scorpion zombie. The acid dragon spits acid at you.
The splash of acid hits you! The acid corrodes you!
You are splashed with acid!
* * * LOW HITPOINT WARNING * * *
The scorpion zombie closely misses you.
A red film seems to cover your vision as you go berserk!
You feel yourself moving faster!
You feel mighty! The acid dragon spits acid at you.
The splash of acid hits you!
* * * LOW HITPOINT WARNING * * *
You are splashed with acid!
You die...

.# #.... ..# §≈≈≈≈≈.§§≈≈≈§§ #....
####..# ≈§§§§≈≈..§≈§§≈≈ #....
##.....# §§§§§≈8§§8≈≈§§ #....
.......# §§§≈§§§≈§§§≈§§§ # ##...
.......# ≈§§§≈§§§§§§§§≈§ #..#...
..†...# ≈≈≈§≈≈8..8§§§§§ #......
....# §≈≈≈≈≈≈DZ≈≈≈§≈§ #....#.
...### ≈§≈≈§≈≈@.≈≈≈§≈§ #..#.##
.....## ≈§≈≈≈≈≈..≈§§≈≈≈ #....#.
......####§§≈§≈≈..≈§≈§§≈ #......#
..##.....##§≈≈≈§..≈§§§≈##...#....
.#####..#.##≈§≈≈(.≈≈≈≈##....#.#..
...####.##.##≈≈≈..≈§≈##......###.
#...........####''####.......####
#####.(.##..........##.........##
# #..##.#........................


You could see an acid dragon (catching breath) and a scorpion zombie.

Vanquished Creatures
  3 ogres
  A centaur (D:5)
  A phantom (D:5)
  Blork the orc (D:4)
  A scorpion (D:5)
  A bullfrog zombie (D:5)
  A hound (D:3)
  An orc priest (D:5)
  A bullfrog skeleton (D:5)
  An orc wizard (D:5)
  A hound skeleton (D:4)
  4 gnolls (D:5)
  3 adders
  A white imp (D:5)
  An ufetubus (D:4)
  A worm (D:3)
  6 orcs
  12 endoplasms
  7 goblins
  5 hobgoblins
  4 jackals (D:3)
  4 quokkas
  4 ball pythons
  8 bats
  4 frilled lizards
  11 kobolds
  6 rats
94 creatures vanquished.

Vanquished Creatures (others)
  2 plants (D:1)
2 creatures vanquished.

Grand Total: 96 creatures vanquished

Notes
Turn   | Place    | Note
-------+----------+-------------------------------------------
     0 | D:1      | mhtbhm the Minotaur Berserker began the quest for the Orb.
     0 | D:1      | Reached XP level 1. HP: 19/19 MP: 0/0
   106 | D:1      | Found a faded altar of an unknown god.
   107 | D:1      | Noticed a shining eye
   109 | D:1      | Noticed an eye of devastation
   113 | D:1      | Noticed a floating eye
   113 | D:1      | Noticed a floating eye
  1019 | D:1      | Reached XP level 2. HP: 23/27 MP: 1/1
  1841 | D:2      | Reached XP level 3. HP: 33/33 MP: 2/2
  1846 | D:2      | Reached ** piety under Trog
  2444 | D:3      | Found a shimmering altar of Xom.
  2461 | D:3      | Noticed an ogre
  2468 | D:3      | Killed an ogre
  2469 | D:3      | Reached skill level 5 in Axes
  2469 | D:3      | Reached XP level 4. HP: 41/41 MP: 3/3
  2469 | D:3      | Reached XP level 5. HP: 47/47 MP: 4/4
  3171 | D:3      | Noticed an ogre
  3178 | D:3      | HP: 1/70 [ogre (29)]
  3180 | D:3      | Killed an ogre
  3181 | D:3      | Reached skill level 5 in Fighting
  3181 | D:3      | Reached XP level 6. HP: 1/56 MP: 5/5
  3495 | D:3      | You fall into a shaft and drop 2 floors!
  3495 | D:5      | Entered Level 5 of the Dungeon
  3593 | D:4      | Noticed Blork the orc
  3605 | D:4      | Killed Blork the orc
  3935 | D:3      | Found Mefit's Book Shop.
  4414 | D:4      | Found Fuarr's Self-Improvement Boutique.
  4692 | D:4      | Identified a scroll of acquirement
  4694 | D:4      | Acquired a manual of Armour
  5005 | D:5      | Reached skill level 1 in Stealth
  5030 | D:5      | Reached skill level 5 in Armour
  5030 | D:5      | Reached XP level 7. HP: 60/61 MP: 6/6
  5185 | D:5      | Found a white marble altar of Elyvilon.
  5624 | D:5      | Splashed by an acid dragon's acid

Illustrated notes

Levels and vault maps discovered:
D:1:      dpeg_arrival_signposts, layout_loops_ring,
          hellmonk_ecumenical_altar_watching_god, serial_forest,
          infiniplex_forest_straight_1, infiniplex_forest_straight_4,
          infiniplex_forest_clump_small, infiniplex_forest_end_2,
          infiniplex_forest_clump_long, infiniplex_forest_clump_small,
          infiniplex_forest_end_3, infiniplex_forest_end_2,
          palyth_stone_intersect
D:2:      layout_basic
D:3:      minmay_thinvault, layout_basic, mainiacjoe_overflow_small_starburst,
          serial_shops, nicolae_shop_stone
D:4:      layout_cave_pools, nicolae_shop_self_help, uniq_blork_the_orc
D:5:      kennysheep_big_flooded_room, layout_layer_cave, led_sif_pool,
          mainiacjoe_overflow_tiny_flanked, roderic_lattice_a

Skill      XL: |  1  2  3  4  5  6  7 |
---------------+----------------------+-----
Fighting       | 4 5 |  5.7
Axes           | 4 5 6 7 |  7.5
Dodging        | 3 4 |  4.0
Armour         | 3 5 7 |  7.0
Stealth        | 1 |  1.1

Action                   |  1- 3 |  4- 6 |  7- 9 || total
-------------------------+-------+-------+-------++-------
Melee: Hand axe          |    80 |    93 |    38 ||   211
       Headbutt          |    14 |    18 |    11 ||    43
Invok: Berserk           |     1 |     2 |     1 ||     4
  Use: Scroll            |       |     5 |     1 ||     6
Armor: Animal skin       |     6 |       |       ||     6
       Scale mail        |    14 |    32 |     8 ||    54
Dodge: Dodged            |    56 |    55 |    20 ||   131
